 Dungeon Crawl Stone Soup version 0.30-a0-924-g0ad0bf95bc (webtiles) character file.

Game seed: 16051920655919143641

204680 Farfigtubin the Warrior (level 18, -3/173 HPs)
             Began as a Hill Orc Fighter on Mar 17, 2023.
             Was a High Priest of Beogh.
             Killed by divine providence
             ... invoked by a deep elf high priest
              (15 damage)
             ... on level 3 of the Elven Halls on Mar 23, 2023.
             The game lasted 06:49:10 (37214 turns).

Farfigtubin the Warrior (Hill Orc Fighter)         Turns: 37214, Time: 06:49:11

Health: -3/173     AC: 35    Str: 27    XL:     18   Next: 65%
Magic:  8/10       EV:  6    Int:  8    God:    Beogh [*****.]
Gold:   4514       SH: 19    Dex: 10    Spells: 17/17 levels left

rFire   . . .      SeeInvis +    i - +3 broad axe (antimagic)
rCold   . . .      Faith    .    v - +2 tower shield {AC+3}
rNeg    . . .      Spirit   .    q - +3 plate armour {rPois}
rPois   +          Reflect  .    b - +2 hat {Will+}
rElec   .          Rampage  .    l - +0 cloak
rCorr   .                        Q - +2 pair of gloves {Stlth+}
Will    ++...                    (no boots) Stlth
                                 X - amulet of regeneration
HPRegen 1.28/turn                Z - ring of see invisible
MPRegen 0.12/turn                D - +4 ring of protection

@: no status effects
A: walk on water
}: 1/15 runes: serpentine
a: Renounce Religion, Smiting, Recall Orcish Followers, Give Item to Named
Follower


You were on level 3 of the Elven Halls.
You worshipped Beogh.
Beogh was extremely pleased with you.
You visited 6 branches of the dungeon, and saw 30 of its levels.

You collected 6159 gold pieces.
You spent 1645 gold pieces at shops.

Inventory:

Hand Weapons
 i - a +3 antimagic broad axe (weapon)
 r - a +5 broad axe of freezing
Missiles
 c - 3 boomerangs (quivered)
 f - 7 javelins
 A - 2 curare-tipped darts
 J - 74 poisoned darts
 N - 2 boomerangs of dispersal
 R - 3 throwing nets
Armour
 b - a +2 hat of willpower (worn)
 l - a +0 cloak (worn)
 q - a +3 plate armour of poison resistance (worn)
 v - a +2 tower shield of protection (worn)
 Q - a +2 pair of gloves of stealth (worn)
Jewellery
 k - a ring of poison resistance
 D - a +4 ring of protection (right hand)
 H - a +6 ring of strength
 S - a +4 ring of protection
 U - the ring "Neruor" {rF+ rN++ MP-9}
   (You found it on level 12 of the Dungeon)

   [ring of protection from fire]

   rF:        It protects you from fire.
   rN:        It greatly protects you from negative energy.
   MP:        It affects your magic capacity (-9).
 W - a +5 ring of evasion
 X - an amulet of regeneration (around neck)
 Z - a ring of see invisible (left hand)
Wands
 g - a wand of light (17)
 u - a wand of mindburst (21)
 G - a wand of flame (37)
 L - a wand of digging (12)
 O - a wand of polymorph (5)
 T - a wand of paralysis (24)
Scrolls
 a - 2 scrolls of enchant armour
 e - 7 scrolls of blinking
 m - 8 scrolls of fog
 o - 7 scrolls of magic mapping
 w - 7 scrolls of fear
 y - a scroll of poison
 B - a scroll of brand weapon
 C - 12 scrolls of teleportation
 E - a scroll of enchant weapon
 M - 3 scrolls of torment
 P - a scroll of noise
 Y - 2 scrolls of silence
Potions
 d - 7 potions of lignification
 h - 5 potions of flight
 n - 3 potions of berserk rage
 p - a potion of invisibility
 s - 5 potions of resistance
 t - 15 potions of curing
 z - 2 potions of haste
 F - a potion of cancellation
 I - 5 potions of attraction
 K - a potion of might
 V - 11 potions of ambrosia
Miscellaneous
 x - a piece from Xom's chessboard (15/15)


   Skills:
 + Level 18.3 Fighting
 - Level 18.0 Axes
 + Level 10.4 Throwing
 + Level 16.8 Armour
 + Level 14.7 Shields
 + Level 17.8 Invocations


You had 17 spell levels left.
You didn't know any spells.
Your spell library contained the following spells:

 Spells                   Type           Power      Damage    Failure   Level
 Apportation              Tloc           0%         N/A       100%        1
 Necrotise                Necr           0%         1d4       100%        1
 Shock                    Conj/Air       0%         1d3       100%        1
 Summon Small Mammal      Summ           0%         N/A       100%        1
 Cigotuvi's Dreadful Rot  Necr/Pois/Air  0%         N/A       100%        2
 Poisonous Vapours        Pois/Air       0%         N/A       100%        2
 Static Discharge         Conj/Air       0%         2-2/arc   100%        2
 Call Canine Familiar     Summ           0%         N/A       100%        3
 Frozen Ramparts          Ice            0%         1d1       100%        3
 Inner Flame              Hex/Fire       0%         N/A       100%        3
 Kindle Blastsparks       Fire/Tloc/Air  0%         2d10      100%        3
 Mephitic Cloud           Conj/Pois/Air  0%         N/A       100%        3
 Summon Guardian Golem    Hex/Summ       0%         N/A       100%        3
 Swiftness                Air            0%         N/A       100%        3
 Vampiric Draining        Necr           0%         2d6       100%        3
 Vhi's Electric Charge    Tloc/Air       0%         N/A       100%        3
 Airstrike                Air            0%         2d(0-16)  100%        4
 Animate Dead             Necr           0%         N/A       100%        4
 Cause Fear               Hex            0%         N/A       100%        4
 Dispel Undead            Necr           0%         3d6       100%        4
 Fulminant Prism          Conj/Hex       0%         3d5       100%        4
 Ice Form                 Ice/Tmut       0%         N/A       100%        4
 Iskenderun's Mystic Bla  Conj/Tloc      0%         2d3       100%        4
 Manifold Assault         Tloc           0%         N/A       100%        4
 Passage of Golubria      Tloc           0%         N/A       100%        4
 Summon Ice Beast         Ice/Summ       0%         N/A       100%        4
 Summon Lightning Spire   Summ/Air       0%         N/A       100%        4
 Agony                    Necr           0%         N/A       100%        5
 Alistair's Intoxication  Tmut/Pois      0%         N/A       100%        5
 Arcjolt                  Conj/Air       0%         1d10      100%        5
 Lee's Rapid Deconstruct  Erth           0%         3d4*      100%        5
 Lightning Bolt           Conj/Air       0%         1d11      100%        5
 Plasma Beam              Fire/Air       0%         2x1d11    100%        5
 Silence                  Hex/Air        0%         N/A       100%        5
 Summon Forest            Summ/Tloc      0%         N/A       100%        5
 Death Channel            Necr           0%         N/A       100%        6
 Dispersal                Tloc           0%         N/A       100%        6
 Eringya's Noxious Bog    Tmut/Pois      0%         N/A       100%        6
 Dragon Form              Tmut           0%         N/A       100%        7
 Haunt                    Necr/Summ      0%         N/A       100%        7
 Orb of Destruction       Conj           0%         9d5       100%        7
 Spellforged Servitor     Conj/Summ      0%         N/A       100%        7
 Summon Hydra             Summ           0%         N/A       100%        7
 Discord                  Hex            0%         N/A       100%        8
 Disjunction              Tloc           0%         N/A       100%        8
 Infestation              Necr           0%         N/A       100%        8
 Lehudib's Crystal Spear  Conj/Erth      0%         10d2      100%        8
 Maxwell's Capacitive Co  Air            0%         ∞         100%        8
 Dragon's Call            Summ           0%         N/A       100%        9


Dungeon Overview and Level Annotations

Branches:
Dungeon (15/15)            Temple (1/1) D:7            Lair (5/5) D:11
 Shoals (0/4) Lair:3        Snake (4/4) Lair:2        Slime (0/5) Lair:5
    Orc (2/2) D:11            Elf (3/3) Orc:2        Vaults (0/5) D:13
 Depths: D:15

Altars:
Ashenzari
Cheibriados
Dithmenos
Elyvilon
Fedhas
Gozag
Hepliaklqana
Kikubaaqudgha
Makhleb
Nemelex Xobeh
Okawaru
Qazlal
Ru
Sif Muna
Trog
Uskayaw
Vehumet
Wu Jian
Xom
Yredelemnul
Zin
The Shining One

Shops:
D:3 ?   D:7 :   Orc:2 !(*   Elf:2 [   Snake:1 =?(!=   Snake:2 ?   Snake:3 ?

Portals:
Pandemonium: Orc:2

Annotations:
D:1 1 transporter
D:15 Rupert
Elf:2 6 runed translucent doors, SirDiesAlot's ghost, adept DsBe


Message History

The deep elf annihilator blinks!
Morbeogh hits the Brimstone Fiend from afar with the +5 Force Lance {heavy, knockback}.
The Brimstone Fiend is knocked back by the blow.
The Brimstone Fiend collides with the fire elemental!
The fire elemental is lightly damaged.
The +0 vampiric halberd hits you but does no damage.
The orc high priest moves out of view.
You hear a shout! x2
You closely miss the deep elf sorcerer.
The deep elf sorcerer is severely wounded.
You slash the lorocyproca! You miss the deep elf sorcerer.
You hear a shout!
The ynoxinul disappears in a puff of smoke!
The deep elf sorcerer seems less brilliant.
You block the deep elf sorcerer's attack.
The deep elf sorcerer hits you but does no damage.
The lorocyproca barely misses you.
You block the +0 vampiric halberd's attack.
Your orc wizard hits the hellion but does no damage.
A deep elf annihilator comes into view. It is wielding a +0 rapier.
Unknown command.
Unknown command.
Unknown command.
Unknown command.
Unknown command.
You slice the deep elf sorcerer!!
You kill the deep elf sorcerer!
Beogh accepts your kill.
Your orc wizard looks more experienced.
You hit the lorocyproca but do no damage.
You closely miss the deep elf sorcerer.
The deep elf demonologist seems less brilliant.
The deep elf sorcerer hits you but does no damage.
Morbeogh hits the Brimstone Fiend from afar with the +5 Force Lance {heavy, knockback}!
The +0 vampiric halberd hits you but does no damage.
The deep elf sorcerer is empowered by the deep elf high priest's aura!
The deep elf demonologist is empowered by the deep elf high priest's aura!
The deep elf high priest calls down the wrath of its god upon you.
Something smites you!
You die...

.# ##.e..ee..
..###...e....
...#..oo.E..
.....(3e... ..
...§e41e☼. .....
....1e1ee .....
....4○3E##
#.....
#4.312@###......
##.e.e2.#......#
##..eo.(.....#
##..o......#
##...)...##
##.....##
##...## ##.##
#.#


You could see 2 Tzitzimimeh, 2 Brimstone Fiends, a lorocyproca (summoned,
invisible), 3 deep elf annihilators, 2 deep elf sorcerers, an orc high priest, a
sun demon (summoned), 2 deep elf demonologists, an orange demon (summoned), a
deep elf knight (fast, invisible), a deep elf high priest (brilliance aura), an
ice devil (summoned), a rust devil (summoned), 2 smoke demons, a hellion
(summoned), a fire elemental (summoned), an orc warrior, 2 dancing weapons, the
friendly Morbeogh the orc warlord and a friendly orc wizard (strong, invisible).

Vanquished Creatures
  A deep elf blademaster (Elf:3)
  A deep elf master archer (Elf:3)
  A nagaraja (Snake:3)
  2 deep elf sorcerers (Elf:3)
  A deep elf demonologist (Elf:1)
  A deep elf annihilator (Elf:3)
  Fannar (Orc:1)
  6 hydras
  A deep elf high priest (Elf:3)
  3 salamander tyrants
  8 anacondas
  4 centaur warriors
  4 boulder beetles
  5 two-headed ogres
  12 death yaks
  9 naga warriors
  16 dancing weapons
  4 naga sharpshooters
  2 orc high priests (Orc:2)
  10 shock serpents
  A tengu warrior (D:14)
  2 skysharks (Lair:2)
  7 deep elf knights
  3 sea snakes (Snake:3)
  Lodul (D:10)
  5 salamander mystics
  4 naga ritualists
  9 deep elf archers
  A wizard (D:11)
  8 deep elf zephyrmancers
  6 lindwurms (Snake:4)
  4 orc knights (Orc:2)
  23 deep elf pyromancers
  9 mana vipers
  2 manticores
  4 orc sorcerers
  An oklob plant (Lair:2)
  12 salamanders
  4 ugly things
  A cyclops (D:12)
  4 elephants
  A merfolk siren (Lair:3)
  33 black mambas
  7 cane toads
  11 naga magi
  4 gargoyles
  4 guardian serpents
  3 kobold demonologists (D:12)
  4 rime drakes
  Psyche (D:8)
  An ice devil (Orc:2)
  8 komodo dragons
  2 tengu conjurers
  A queen bee (Lair:1)
  4 trolls
  2 polar bears (Lair:2)
  4 hornets
  9 blink frogs
  3 dream sheep (Lair:5)
  11 slime creatures
  3 air elementals
  3 wraiths
  30 yaks
  3 basilisks
  A fire elemental (Elf:2)
  9 humans (D:13)
  2 wyverns
  2 steam dragons
  5 vampire mosquitoes
  A chaos spawn (Orc:2)
  3 wargs (Orc:1)
  21 nagas
  7 water moccasins
  6 acid dragons
  8 orc warriors
  An ice beast (D:6)
  2 sky beasts
  5 centaurs
  16 ogres
  A phantom (D:5)
  10 kobold brigands
  2 gnoll sergeants
  6 bullfrogs
  3 scorpions
  15 wights
  31 killer bees
  6 electric eels
  3 howler monkeys
  2 jellies
  9 orc priests
  4 hounds
  Ijyb (D:4)
  4 gnoll boudas
  A sleepcap (D:5)
  2 iguanas
  10 orc wizards
  26 gnolls
  7 adders
  A shadow imp (D:7)
  2 white imps (D:6)
  A worm (D:4)
  3 dart slugs
  23 orcs
  11 ball pythons
  4 bats
  4 endoplasms
  5 giant cockroaches
  7 goblins
  3 hobgoblins
  2 jackals (D:3)
  36 kobolds
  A quokka (D:1)
  2 frilled lizards
  4 rats
  A bush (Lair:2)
697 creatures vanquished.

Vanquished Creatures (collateral kills)
  Gastronok (D:11)
  2 nagarajas
  The ghost of SkeletonJelly the Impaler, a journeyman MfGl of Yredelemnul (Orc:2)
  Nessos (D:13)
  A deep elf annihilator (Elf:3)
  A deep elf high priest (Elf:1)
  2 salamander tyrants (Snake:4)
  4 catoblepae (Lair:5)
  2 hydras (Lair:2)
  2 demonspawn (Orc:2)
  10 anacondas
  4 naga warriors
  2 boulder beetles
  A centaur warrior (D:13)
  7 dancing weapons
  4 shock serpents
  4 death yaks (Lair:5)
  8 naga sharpshooters
  An orc high priest (Orc:2)
  Urug (D:13)
  2 deep elf knights (Elf:1)
  8 salamander mystics
  2 skysharks
  6 naga ritualists
  7 deep elf pyromancers
  A lindwurm (Lair:2)
  4 deep elf archers
  14 deep elf zephyrmancers
  13 salamanders
  9 mana vipers
  A manticore (Lair:5)
  2 ugly things (D:14)
  2 orc sorcerers (Orc:2)
  5 elephants
  23 black mambas
  8 guardian serpents
  9 naga magi
  Maggie (D:11)
  A torpor snail (Lair:5)
  2 cane toads
  A cane toad (shapeshifter) (D:13)
  An efreet (D:14)
  2 komodo dragons (Lair:2)
  A hellwing (Orc:2)
  8 blink frogs
  4 dream sheep (Lair:5)
  A slime creature (shapeshifter) (Elf:1)
  2 slime creatures (D:14)
  An air elemental (Elf:1)
  A wyvern (Lair:3)
  11 yaks
  7 humans (D:13)
  A basilisk (D:13)
  21 nagas
  3 water moccasins
  6 orc warriors
  2 bullfrogs
  2 killer bees (Lair:1)
  An electric eel (Lair:3)
  A howler monkey (D:13)
  8 orc priests
  An orc wizard (Orc:1)
  9 orcs
274 creatures vanquished.

Vanquished Creatures (others)
  4 orc high priests
  6 orc sorcerers
  7 orc knights
  A deep elf archer (Elf:2)
  2 deep elf zephyrmancers
  An air elemental (Elf:2)
  20 orc warriors
  A wraith (D:13)
  A human (D:8)
  9 orc priests
  6 orc wizards
  22 orcs
  27 fungi
  72 plants
179 creatures vanquished.

Grand Total: 1150 creatures vanquished

Notes
Turn   | Place    | Note
-------+----------+-------------------------------------------
     0 | D:1      | Farfigtubin the Hill Orc Fighter began the quest for the
                  | Orb.
     0 | D:1      | Reached XP level 1. HP: 19/19 MP: 1/1
    69 | D:1      | Found a faded altar of an unknown god.
   175 | D:2      | Reached XP level 2. HP: 27/27 MP: 2/2
   591 | D:3      | Found Zacatt's Magic Scroll Boutique.
   606 | D:3      | Reached XP level 3. HP: 33/33 MP: 3/3
   845 | D:3      | Reached XP level 4. HP: 26/40 MP: 4/4
  1143 | D:4      | Found Zin's Purification Station.
  1144 | D:4      | Noticed Ijyb
  1160 | D:4      | Identified 3 scrolls of acquirement
  1224 | D:4      | Killed Ijyb
  1225 | D:4      | Reached skill level 5 in Axes
  1225 | D:4      | Reached XP level 5. HP: 41/47 MP: 5/5
  1330 | D:4      | Found a glowing silver altar of Zin.
  1343 | D:4      | Reached skill level 5 in Fighting
  1343 | D:4      | Reached XP level 6. HP: 37/56 MP: 6/6
  1607 | D:4      | Acquired a +5 broad axe of freezing
  1673 | D:3      | Found a stormy altar of Qazlal.
  1673 | D:3      | Found a blossoming altar of Fedhas.
  1673 | D:3      | Found a white marble altar of Elyvilon.
  1673 | D:3      | Found a bloodstained altar of Trog.
  1707 | D:4      | Found the +5 Force Lance {heavy, knockback}
  1708 | D:4      | Found an iron altar of Okawaru.
  2164 | D:4      | Acquired 581 gold pieces
  2166 | D:4      | Acquired 1307 gold pieces
  2200 | D:3      | Bought a scroll of vulnerability for 48 gold pieces
  2200 | D:3      | Bought a scroll of blinking for 90 gold pieces
  2200 | D:3      | Bought a scroll of poison for 48 gold pieces
  2200 | D:3      | Bought a scroll of fear for 48 gold pieces
  2200 | D:3      | Bought a scroll of enchant weapon for 90 gold pieces
  2200 | D:3      | Bought a scroll of identify for 24 gold pieces
  2277 | D:4      | Bought 2 potions of curing for 180 gold pieces
  2493 | D:5      | Entered Level 5 of the Dungeon
  2510 | D:5      | Reached XP level 7. HP: 55/61 MP: 7/7
  2624 | D:5      | Reached skill level 5 in Armour
  3358 | D:6      | Noticed a steam dragon
  3376 | D:6      | Killed a steam dragon
  3380 | D:6      | Reached XP level 8. HP: 23/71 MP: 8/8
  4405 | D:6      | Became a worshipper of Beogh the Brigand
  4463 | D:1      | Upgraded the game from 0.30-a0-883-g5ad918d77d to
                  | 0.30-a0-900-g23479c02f2
  5438 | D:7      | Reached skill level 1 in Invocations
  5454 | D:7      | Found an opulent altar of Gozag.
  5621 | D:7      | Reached * piety under Beogh
  5623 | D:7      | Found a staircase to the Ecumenical Temple.
  5823 | D:7      | Reached skill level 10 in Axes
  5948 | Temple   | Entered the Ecumenical Temple
  6035 | D:7      | Reached XP level 9. HP: 79/79 MP: 9/11
  6240 | D:7      | Found Firph's Book Emporium.
  6424 | D:7      | Noticed a hornet
  6427 | D:7      | Paralysed by a hornet for 1 turns
  6430 | D:7      | Killed a hornet
  6791 | D:8      | Found an ancient bone altar of Kikubaaqudgha.
  6905 | D:8      | Noticed a hornet
  6914 | D:8      | Killed a hornet
  6915 | D:8      | Reached skill level 5 in Invocations
  7009 | D:8      | Found a burning altar of Makhleb.
  7009 | D:8      | Found a sacrificial altar of Ru.
  7094 | D:8      | Noticed Psyche
  7117 | D:8      | Killed Psyche
  7118 | D:8      | Reached XP level 10. HP: 40/90 MP: 14/14
  7181 | D:8      | Reached ** piety under Beogh
  7791 | D:8      | You fall into a shaft and drop 3 floors!
  7795 | D:11     | Noticed a boulder beetle
  7804 | D:11     | Noticed a kobold demonologist
  7812 | D:11     | Noticed a sixfirhy
  7815 | D:11     | Noticed a kobold demonologist
  7828 | D:11     | Noticed a two-headed ogre
  7964 | D:12     | Noticed a cyclops
  7977 | D:12     | Killed a cyclops
  8031 | D:12     | Killed a two-headed ogre
  8114 | D:11     | Noticed a kobold demonologist
  8119 | D:12     | Killed a kobold demonologist
  8128 | D:12     | Killed a kobold demonologist
  8153 | D:12     | Killed a boulder beetle
  8154 | D:12     | Reached skill level 10 in Fighting
  8154 | D:12     | Reached XP level 11. HP: 43/99 MP: 9/16
  8369 | D:11     | Found a frozen archway.
  8507 | D:11     | Noticed a wizard
  8530 | D:11     | Killed a wizard
  8629 | D:10     | Entered Level 10 of the Dungeon
  8914 | D:10     | Reached skill level 15 in Axes
  8918 | D:10     | Noticed Lodul
  8933 | D:10     | Killed Lodul
  9096 | D:9      | Reached *** piety under Beogh
  9103 | D:9      | Noticed a two-headed ogre
  9110 | D:9      | Killed a two-headed ogre
  9585 | D:9      | Noticed a five-headed hydra
  9585 | D:9      | Noticed a green ugly thing
  9601 | D:9      | Noticed a centaur warrior
  9618 | D:9      | Killed a five-headed hydra
  9624 | D:9      | Killed a centaur warrior
  9629 | D:9      | Reached skill level 10 in Armour
  9629 | D:9      | Reached skill level 5 in Shields
  9661 | D:9      | Noticed a boulder beetle
  9689 | D:9      | Reached XP level 12. HP: 105/110 MP: 15/18
  9707 | D:9      | Killed a boulder beetle
  9731 | D:9      | Noticed a four-headed hydra
  9745 | D:9      | Killed a four-headed hydra
  9907 | D:9      | Found a basalt altar of Yredelemnul.
 10141 | D:9      | Found a hide-covered altar of Uskayaw.
 10251 | D:9      | Identified the +0 leather armour of Qigop {rN++ Int+3}
 10598 | D:10     | Upgraded the game from 0.30-a0-900-g23479c02f2 to
                  | 0.30-a0-913-g9934a0ce24
 10632 | D:10     | Found a shimmering blue altar of Sif Muna.
 10821 | D:10     | Found a sparkling altar of Nemelex Xobeh.
 10879 | D:11     | Found a staircase to the Orcish Mines.
 10879 | D:11     | Noticed a two-headed ogre
 10943 | D:11     | Found a staircase to the Lair.
 10959 | D:11     | Killed a two-headed ogre
 11421 | D:12     | Identified the ring "Neruor" {rF+ rN++ MP-9}
 11600 | D:12     | Noticed a centaur warrior
 11604 | D:12     | Killed a centaur warrior
 12105 | Orc:1    | Entered Level 1 of the Orcish Mines
 12105 | Orc:1    | Noticed a two-headed ogre
 12107 | Orc:1    | Killed a two-headed ogre
 12119 | Orc:1    | Noticed Fannar
 12136 | Orc:1    | Killed Fannar
 12137 | Orc:1    | Reached XP level 13. HP: 45/118 MP: 20/20
 12622 | Lair:1   | Entered Level 1 of the Lair of Beasts
 12643 | D:11     | Reached **** piety under Beogh
 12647 | Lair:1   | Noticed Gastronok
 12728 | D:11     | Killed Gastronok
 12795 | Lair:1   | Noticed Maggie
 12823 | D:11     | Killed Maggie
 12897 | D:11     | Reached skill level 10 in Invocations
 13096 | Lair:1   | Found a shimmering altar of Xom.
 13169 | Lair:1   | Gained Arbolt as an ally
 14139 | Lair:2   | Found a staircase to the Snake Pit.
 14747 | Lair:1   | Reached ***** piety under Beogh
 15551 | Lair:3   | Reached skill level 1 in Throwing
 16108 | Lair:3   | Found a staircase to the Shoals.
 16933 | Lair:2   | Reached XP level 14. HP: 129/129 MP: 18/22
 18507 | Lair:5   | Entered Level 5 of the Lair of Beasts
 18620 | Lair:5   | Reached skill level 10 in Shields
 18864 | Lair:5   | Identified the +10 trident "Jeet" {freeze, rPois rF- Int+3}
 18959 | Lair:5   | Found a staircase to the Slime Pits.
 19295 | Lair:5   | Reached skill level 5 in Throwing
 19295 | Lair:5   | Reached XP level 15. HP: 132/139 MP: 24/24
 19323 | Lair:5   | Gained Morbeogh as an ally
 19380 | Lair:5   | Gained Borgun as an ally
 20404 | Orc:2    | Entered Level 2 of the Orcish Mines
 20826 | Orc:2    | Found a runed translucent door.
 20827 | Orc:2    | Found a shimmering altar of Xom.
 20827 | Orc:2    | Noticed SkeletonJelly's ghost (journeyman MfGl)
 20923 | Orc:2    | Found a staircase to the Elven Halls.
 20965 | Orc:2    | Found Miacorchu's Distillery.
 20968 | Orc:2    | Found Pexko's General Store.
 20973 | Orc:2    | Gained Wulfoc as an ally
 21004 | Orc:2    | Paralysed by an orc sorcerer for 2 turns
 21036 | Orc:2    | Reached skill level 15 in Fighting
 21037 | Orc:2    | Your ally Wulfoc died
 21091 | Orc:2    | Found Qox Muci's Jewellery Shoppe.
 21091 | Orc:2    | Found Keixau's Antique Weapon Emporium.
 21092 | Orc:2    | Found a one-way gate leading to the halls of Pandemonium.
 21216 | Orc:2    | Bought a scroll of enchant armour for 90 gold pieces
 21216 | Orc:2    | Bought a potion of heal wounds for 60 gold pieces
 21216 | Orc:2    | Bought a scroll of teleportation for 36 gold pieces
 21216 | Orc:2    | Bought a scroll of teleportation for 36 gold pieces
 21218 | Orc:2    | Bought a potion of attraction for 36 gold pieces
 21218 | Orc:2    | Bought a potion of curing for 36 gold pieces
 21218 | Orc:2    | Bought a potion of curing for 36 gold pieces
 21218 | Orc:2    | Bought a potion of curing for 36 gold pieces
 21218 | Orc:2    | Bought a potion of curing for 36 gold pieces
 21218 | Orc:2    | Bought a potion of magic for 96 gold pieces
 21218 | Orc:2    | Bought a potion of curing for 36 gold pieces
 21428 | D:13     | Noticed Nessos
 21428 | D:13     | Found a gate to the Vaults.
 21463 | D:13     | Noticed Urug
 21464 | D:13     | Paralysed by Nessos for 5 turns
 21469 | D:13     | Killed Nessos
 21473 | D:13     | Gained Brandogh as an ally
 21475 | D:13     | Gained Arbeogh as an ally
 21475 | D:13     | Killed Urug
 22045 | D:13     | Your ally Brandogh died
 22507 | D:14     | Found a transporter.
 22705 | D:14     | Found a transporter.
 22720 | D:15     | Entered Level 15 of the Dungeon
 22721 | D:15     | Noticed Rupert
 23584 | Snake:1  | Entered Level 1 of the Snake Pit
 23584 | Snake:1  | Found Finymum's Magic Scroll Boutique.
 23702 | Snake:1  | Bought a scroll of brand weapon for 152 gold pieces
 23935 | Snake:1  | Found Piottusawy's Weapon Boutique.
 24116 | Snake:1  | Found Zabaiwilio's Distillery.
 24240 | Snake:1  | Found Lukacuw's Jewellery Boutique.
 24254 | Snake:1  | Bought a ring of see invisible for 165 gold pieces
 24389 | Snake:1  | Found Xaryjaso's Jewellery Shoppe.
 24799 | Snake:2  | Identified the +4 ring mail of Hepliaklqana's Envy {rF+}
 24864 | Snake:2  | Reached ****** piety under Beogh
 25009 | Snake:2  | Gained Wargrak as an ally
 25009 | Snake:2  | Gained Dorog as an ally
 25012 | Snake:2  | Reached XP level 16. HP: 52/150 MP: 19/26
 26772 | Snake:2  | Upgraded the game from 0.30-a0-913-g9934a0ce24 to
                  | 0.30-a0-918-g0ff054e9dc
 26887 | Snake:2  | Reached skill level 15 in Invocations
 27034 | Snake:3  | Your ally Dorog died
 27151 | Snake:3  | Found Ysaoruh's Magic Scroll Shop.
 27584 | Snake:3  | Reached skill level 15 in Armour
 27650 | Snake:3  | Your ally Wargrak died
 28490 | Snake:3  | Noticed a nagaraja
 28515 | Snake:3  | Your ally Arbolt died
 28520 | Snake:3  | Killed a nagaraja
 28521 | Snake:3  | Reached XP level 17. HP: 38/160 MP: 15/28
 29066 | Snake:4  | Entered Level 4 of the Snake Pit
 30557 | Snake:4  | Your ally Arbeogh died
 30569 | Snake:4  | Got a serpentine rune of Zot
 30930 | Snake:1  | Bought a potion of resistance for 190 gold pieces
 30930 | Snake:1  | Bought a potion of might for 76 gold pieces
 31099 | Lair:2   | Upgraded the game from 0.30-a0-918-g0ff054e9dc to
                  | 0.30-a0-920-g7493c07aab
 31151 | D:11     | Acquired 826 gold pieces
 32102 | Orc:2    | Killed SkeletonJelly's ghost
 32187 | Elf:1    | Entered Level 1 of the Elven Halls
 32398 | Elf:1    | Upgraded the game from 0.30-a0-920-g7493c07aab to
                  | 0.30-a0-924-g0ad0bf95bc
 33058 | Elf:1    | Reached XP level 18. HP: 81/171 MP: 10/30
 33239 | Elf:1    | Paralysed by an air elemental for 1 turns
 33635 | Elf:1    | Paralysed by an air elemental for 1 turns
 33862 | Elf:2    | Paralysed by an air elemental for 1 turns
 33908 | Elf:2    | Paralysed by an air elemental for 1 turns
 33913 | Elf:1    | Paralysed by an air elemental for 1 turns
 33917 | Elf:1    | Gained Morun as an ally
 34067 | Elf:2    | Noticed SirDiesAlot's ghost (adept DsBe)
 34103 | Elf:2    | Found a runed translucent gate.
 34103 | Elf:2    | Found a runed translucent gate.
 34107 | Elf:2    | Found a runed translucent gate.
 34620 | Elf:2    | Reached skill level 10 in Throwing
 35354 | Elf:2    | Found Erlang Shen's Dragon-Slaying Spoils.
 35450 | Elf:2    | Found a runed translucent gate.
 35451 | Elf:2    | Found a runed translucent gate.
 35451 | Elf:2    | Found a runed translucent gate.
 35750 | Elf:3    | Entered Level 3 of the Elven Halls
 35751 | Elf:3    | Paralysed by an air elemental for 1 turns
 35755 | Elf:3    | Paralysed by an air elemental for 1 turns
 37196 | Elf:3    | Noticed a deep elf master archer
 37197 | Elf:3    | Noticed a deep elf blademaster
 37201 | Elf:3    | Noticed a Brimstone Fiend
 37204 | Elf:3    | Noticed a Tzitzimitl
 37205 | Elf:3    | Killed a deep elf master archer
 37205 | Elf:3    | Noticed a deep elf blademaster
 37210 | Elf:3    | Your ally Morun died
 37211 | Elf:3    | Noticed a Brimstone Fiend
 37212 | Elf:3    | Noticed a Tzitzimitl
 37212 | Elf:3    | Killed a deep elf blademaster
 37214 | Elf:3    | Killed from afar by a deep elf high priest

Illustrated notes

Levels and vault maps discovered:
D:1:      spicycebolla_arrival_risky_transporter, layout_loops_ring,
          shapermc_ecumenical_altar_starsandcircs, minivault_26,
          minmay_misc_feat_roman
D:2:      layout_rooms, amcnicky_mini_corridor_feature, minmay_domino_2
D:3:      layout_basic, nicolae_overflow_hidden_temple, serial_shops, shop
D:4:      layout_basic, zin_purify, okawaru_ov_weapons_minmay,
          kennysheep_generic_room_4, uniq_ijyb
D:5:      layout_loops_corners
D:6:      layout_loops_ring, nicolae_figureground_pulse
D:7:      layout_loops_corners, grunt_gozag_breadcrumbs,
          minmay_temple_entry_waves, serial_shops, nicolae_shop_crystal
D:8:      minmay_razor_zed, layout_basic, tgw_kikubaaqudgha,
          grunt_temple_overflow_open, uniq_psyche
D:9:      layout_basic, amcnicky_altar_gilded, nicolae_uskayaw_dance_studio,
          minivault_14, minivault_28
D:10:     layout_rooms, nemelex_spade_bored_becter,
          mainiacjoe_overflow_surrounded_room, uniq_lodul
D:11:     layout_rooms, lair_entry_dummy, orc_0_dummy, portal_ice_cave_rime,
          grunt_ogre_cave
D:12:     layout_gridville, minmay_microvault
D:13:     layout_gridville, david_vaults_3
D:14:     layout_big_octagon, nicolae_diode_stairs
D:15:     grunt_enter_depths_giant_problem, layout_loops_ring,
          nzn_wu_jian_contemplation, lightli_wizard_tower, uniq_rupert
Temple:   hellmonk_temple_rainy
Lair:1:   layout_roguey [special_room_bee], basic_altar, uniq_maggie,
          uniq_gastronok
Lair:2:   nzn_winding_woodlands_huge [nzn_winding_woodlands_5x15_lazy_stream,
          nzn_winding_woodlands_5x15_twine,
          nzn_winding_woodlands_5x15_sidewinder,
          nzn_winding_woodlands_5x15_concentric,
          nzn_winding_woodlands_5x15_longhouse,
          nzn_winding_woodlands_5x15_crooked,
          nzn_winding_woodlands_5x15_river_crossing,
          nzn_winding_woodlands_5x15_jagged, nzn_winding_woodlands_5x15_pool,
          nzn_winding_woodlands_5x15_default,
          nzn_winding_woodlands_center_pierced_h,
          nzn_winding_woodlands_center_triple_pond,
          nzn_winding_woodlands_15x15_boxy_spiral], layout_layer_cave,
          dummy_snake_entry
Lair:3:   layout_cave_pods, elwin_shoals_entry_rooms, grunt_megastairs_1,
          serial_bayou_shore_a
Lair:4:   layout_regular_city, nicolae_lair_grove_arrangements
Lair:5:   evilmike_catoblepas_cave, layout_regular_city, slime_entry_1,
          grunt_megastairs_2
Snake:1:  layout_gridlike, serial_shops, shop, nicolae_take_the_stairs,
          nicolae_shop_behind_doors, shop, shop
Snake:2:  layout_chambers, nicolae_integral_box
Snake:3:  layout_chambers, grunt_ministairs_13, nicolae_stop_n_shop_1,
          serial_bayou_ford_a, nicolae_snake_scaly_snakehead
Snake:4:  snake_pit_salamanders_mu, layout_onion
Orc:1:    minmay_goldmine, layout_caves, uniq_fannar
Orc:2:    pf_orc_diabolical, layout_diamond_mine, ebering_ghost_xom,
          library_closet
Elf:1:    layout_geoelf_diagonals, kennysheep_underground_church
Elf:2:    nicolae_elf_blades_crystal_corner, layout_loops_corners,
          gammafunk_ghost_split, nicolae_shop_dragon_depot
Elf:3:    minmay_elf_hall_four_x, layout_rooms, hangedman_elven_ridges

Skill      XL: |  1  2  3  4  5  6  7  8  9 10 11 12 13 14 15 16 17 18 |
---------------+-------------------------------------------------------+-----
Axes           | 3 4 5 6 7 8 10 12 14 15 17 18 | 18.0
Fighting       | 4 5 6 7 8 10 11 12 13 14 15 16 17 18 | 18.3
Armour         | 4 5 6 7 9 10 11 12 13 14 15 16 | 16.8
Invocations    | 2 5 7 9 11 13 14 15 17 | 17.8
Shields        | 5 7 8 10 11 12 14 | 14.7
Throwing       | 2 5 6 8 9 10 | 10.4

Action                     |  1- 3 |  4- 6 |  7- 9 | 10-12 | 13-15 | 16-18 || total
---------------------------+-------+-------+-------+-------+-------+-------++-------
  Melee: War axe           |   133 |   129 |   100 |       |       |       ||   362
         Broad axe         |       |       |   163 |   411 |   804 |   758 ||  2136
  Throw: Stone             |       |     2 |    23 |     5 |    11 |       ||    41
         Dart              |       |       |     2 |     4 |     7 |       ||    13
         Boomerang         |       |       |       |       |     2 |    45 ||    47
 Invoke: Convert to Beogh  |       |       |     1 |       |       |       ||     1
         Smiting           |       |       |       |    12 |    12 |    28 ||    52
         Recall Orcish Fol |       |       |       |       |    12 |    11 ||    23
         Stop Recall       |       |       |       |       |     8 |     8 ||    16
         Give Item to Name |       |       |       |       |     2 |     1 ||     3
  Evoke: Wand              |       |       |       |     8 |     3 |       ||    11
    Use: Scroll            |       |     8 |       |     4 |    13 |     9 ||    34
         Potion            |       |     1 |     2 |     1 |     1 |    22 ||    27
   Stab: Distracted        |       |       |       |       |    12 |     7 ||    19
         Confused          |       |       |       |       |     5 |       ||     5
         Paralysed         |       |       |       |       |     7 |     2 ||     9
         Petrified         |       |       |       |       |     1 |       ||     1
 Armour: Scale mail        |    62 |     3 |       |       |       |       ||    65
         Chain mail        |       |    41 |       |       |       |       ||    41
         Skin              |       |     5 |     3 |       |       |       ||     8
         Plate armour      |       |    15 |   170 |   237 |   508 |   538 ||  1468
  Dodge: Dodged            |    60 |    62 |    56 |   109 |   193 |   152 ||   632
  Block: Buckler           |    33 |    22 |    46 |    37 |       |       ||   138
         Kite shield       |       |       |       |    94 |   400 |    32 ||   526
         Tower shield      |       |       |       |       |       |   837 ||   837

Table legend: (Time is in decaauts)
 A = Elapsed time spent in this place.
 B = Non-inter-level travel time spent in this place.
 C = Inter-level travel time spent in this place.
 D = Time resting spent in this place.
 E = Time spent auto-exploring this place.
 F = Levels seen in this place.
 G = Mean time per level.
                   A        B        C        D        E       F      G
               +--------+--------+--------+--------+--------+-----+--------+
         Total |  37352 |  34495 |   2857 |   5502 |   3560 |  30 | 1245.1 |
       Dungeon |  14481 |  13573 |    908 |   2135 |   2065 |  15 |  965.4 |
        Temple |     37 |     30 |      7 |      0 |      9 |   1 |   37.0 |
          Lair |   7669 |   6851 |    818 |    458 |    585 |   5 | 1533.8 |
     Snake Pit |   7845 |   7303 |    542 |   1523 |    734 |   4 | 1961.2 |
  Orcish Mines |   2329 |   2187 |    142 |    196 |    135 |   2 | 1164.5 |
   Elven Halls |   4988 |   4549 |    439 |   1190 |     32 |   3 | 1662.7 |
               +--------+--------+--------+--------+--------+-----+--------+

Top non-repeatable levels by time:
 Snake:3: 3066 daAuts
  Lair:2: 2492 daAuts
   Elf:1: 2275 daAuts
 Snake:2: 2157 daAuts
    D:12: 1706 daAuts
   Elf:2: 1525 daAuts
  Lair:1: 1464 daAuts
 Snake:4: 1408 daAuts
     D:8: 1360 daAuts
    D:11: 1290 daAuts
  Lair:5: 1273 daAuts
     D:6: 1267 daAuts
  Lair:3: 1251 daAuts
     D:4: 1225 daAuts
     D:9: 1217 daAuts
